 Dungeon Crawl Stone Soup version 0.23-a0-419-g0174fd8 (webtiles) character file.

1646 XanderDroid the Cudgeler (level 8, -4/51 HPs)
             Began as a Gargoyle Fighter on Nov 11, 2018.
             Killed from afar by TheNamelessOne's ghost (13 damage)
             ... with a flame tongue
             ... on level 4 of the Dungeon.
             The game lasted 00:19:28 (5583 turns).

XanderDroid the Cudgeler (Gargoyle Fighter)         Turns: 5583, Time: 00:19:29

Health: -4/51      AC: 17    Str: 22    XL:     8   Next: 99%
Magic:  8/8        EV:  6    Int:  8    God:
Gold:   248        SH: 10    Dex: 10    Spells: 7/7 levels left

rFire    . . .     SeeInvis +   a - +0 mace of Circularity {venom, MR+}
rCold    . . .     Gourm    .   c - +0 shield
rNeg     + . .     Faith    .   v - +0 chain mail
rPois    ∞         Spirit   .   (no helmet)
rElec    +         Reflect  .   (no cloak)
rCorr    .         Harm     .   (no gloves)
MR       +....                  u - +0 pair of boots
Stlth    ..........             (no amulet)
HPRegen  0.17/turn              r - ring of see invisible
MPRegen  0.11/turn              (no ring)

@: no status effects
A: negative energy resistance 1, electricity resistance, unbreathing,
petrification resistance, rot immunity, AC +5
a: no special abilities


You were on level 4 of the Dungeon.
You were not hungry.

You visited 1 branch of the dungeon, and saw 7 of its levels.

You collected 380 gold pieces.
You spent 132 gold pieces at shops.

Inventory:

Hand Weapons
 a - the +0 mace of Circularity (weapon) {venom, MR+}
   (You bought it in a shop on level 4 of the Dungeon)

   It poisons the flesh of those it strikes.
   It affects your resistance to hostile enchantments.
Missiles
 t - 18 bolts
Armour
 c - a +0 shield (worn)
 u - a +0 pair of boots (worn)
 v - a +0 chain mail (worn)
Jewellery
 r - a ring of see invisible (left hand)
Scrolls
 e - 6 scrolls of remove curse
 i - 2 scrolls of magic mapping
 j - 4 scrolls of enchant armour
 k - 2 scrolls of enchant weapon
 m - 3 scrolls of teleportation
 n - a scroll of immolation
 o - a scroll of fear
Potions
 b - a potion of haste
 d - a potion of might
 g - a potion of ambrosia
 l - 2 potions of curing
 p - a potion of brilliance {unknown}
 s - 2 potions of agility
Comestibles
 f - 8 rations
 h - a chunk of flesh


   Skills:
 + Level 6.3 Fighting
 * Level 7.3 Maces & Flails
 + Level 6.3 Armour
 + Level 6.3 Shields


You had 7 spell levels left.
You didn't know any spells.
Your spell library was empty.

Dungeon Overview and Level Annotations

Branches:
Dungeon (7/15)
 Temple: D:4-7

Altars:
Cheibriados
Fedhas

Shops:
D:4 (

Annotations:
D:4 exclusion: oklob plant, TheNamelessOne's ghost, amateur GrEE; TheNamelessOne's ghost, amateur OpFE
D:7 Prince Ribbit


Innate Abilities, Weirdness & Mutations

You are resistant to torment.
Your stone body is resilient. (AC +5)
You are immune to poison.
You resist negative energy. (rN+)
You are resistant to electric shocks. (rElec)
You can survive without breathing.
You are immune to petrification.
You are immune to rotting.


Message History

You hit TheNamelessOne's ghost but do no damage.
TheNamelessOne's ghost is severely damaged.
TheNamelessOne's ghost hits you but does no damage.
TheNamelessOne's ghost stares at you and mumbles some strange words.
The flame tongue hits you!
Some of the chunks of flesh in your inventory have rotted away.
TheNamelessOne's ghost points at you and mumbles some strange words.
The blast of sand hits you!
TheNamelessOne's ghost casts a spell at you.
The flame tongue hits you!
* * * LOW HITPOINT WARNING * * *
TheNamelessOne's ghost casts a spell at you.
The blast of sand hits you!
* * * LOW HITPOINT WARNING * * *
TheNamelessOne's ghost casts a spell at you.
The stone arrow hits you!
There is a stone staircase leading up here.
TheNamelessOne's ghost casts a spell at you.
The flame tongue hits you!
You die...

#.##...# #8...)#......#..#.#.#...
#.####.##[.....#..#####..#.#.#8..
#>......#P.....'.............#...
######..#⌠.....'....#.#....#.#8..
####P.....'.#..#.######.#...
......#.#.##.#### #.#8..
#8....#WW.......# #.#...
##.P⌠.#.........###'#8..
######@................
#.........#.........
#.....#.###........#
#.....#.#.#......#.#
#.....#.#.#.........
#....(#.#.#.........
#.....#.#...........
#######.#.#######... ############
#######.....# ####


You could see 2 TheNamelessOne's ghosts.

Vanquished Creatures
  A hippogriff (D:7)
  Duvessa (D:7)
  An ice beast (D:7)
  A phantom (D:4)
  An ogre (D:7)
  2 centaurs (D:7)
  A bullfrog (D:7)
  Dowan (D:7)
  6 killer bees (D:7)
  2 crimson imps (D:7)
  A bullfrog skeleton (D:7)
  A jelly (D:6)
  2 orc priests
  5 orc wizards
  An iguana (D:4)
  A worker ant (D:6)
  9 adders
  4 worms
  3 dart slugs
  4 leopard geckos
  12 orcs
  6 bats
  A giant cockroach (D:1)
  12 goblins
  8 hobgoblins
  2 jackals (D:2)
  5 kobolds
  3 quokkas
  A ball python (D:3)
  5 frilled lizards
  A jackal skeleton (D:4)
  A leopard gecko skeleton (D:4)
  A leopard gecko zombie (D:7)
  11 rats
  6 toadstools (D:4)
123 creatures vanquished.

Vanquished Creatures (others)
  8 toadstools (D:4)
  A withered plant (D:4)
9 creatures vanquished.

Grand Total: 132 creatures vanquished

Notes
Turn   | Place    | Note
-------+----------+-------------------------------------------
     0 | D:1      | XanderDroid the Gargoyle Fighter began the quest for the
                  | Orb.
     0 | D:1      | Reached XP level 1. HP: 14/14 MP: 1/1
   196 | D:1      | Reached XP level 2. HP: 19/19 MP: 2/2
   655 | D:2      | Reached XP level 3. HP: 23/23 MP: 3/3
   813 | D:2      | Found a snail-covered altar of Cheibriados.
   829 | D:2      | Found a blossoming altar of Fedhas.
   883 | D:2      | Reached skill level 3 in Maces & Flails
   894 | D:2      | Reached XP level 4. HP: 18/29 MP: 4/4
  1831 | D:3      | Reached XP level 5. HP: 31/33 MP: 5/5
  2085 | D:3      | Reached skill level 4 in Maces & Flails
  2334 | D:4      | Found a runed gate.
  2334 | D:4      | Found a runed gate.
  2334 | D:4      | Found a runed gate.
  2334 | D:4      | Noticed TheNamelessOne's ghost (amateur OpFE)
  2350 | D:4      | Noticed TheNamelessOne's ghost (amateur GrEE)
  2425 | D:4      | Found a blossoming altar of Fedhas.
  2447 | D:4      | Noticed an oklob plant
  2503 | D:4      | Found Ysihut's Weapon Emporium.
  2515 | D:4      | Bought the cursed +0 mace of Circularity {venom, MR+} for
                  | 132 gold pieces
  2554 | D:4      | Reached XP level 6. HP: 13/39 MP: 6/6
  2830 | D:4      | Noticed a phantom
  3481 | D:4      | Killed a phantom
  3485 | D:4      | You fall through a shaft for 3 floors!
  3758 | D:7      | Reached skill level 5 in Maces & Flails
  3758 | D:7      | Reached XP level 7. HP: 13/44 MP: 7/7
  3789 | D:7      | Reached skill level 5 in Fighting
  3789 | D:7      | Reached skill level 5 in Armour
  3961 | D:7      | Reached skill level 5 in Shields
  4400 | D:7      | Identified the +8 hunting sling "Ogre's Doom" {velocity,
                  | MR+ Int+4}
  4419 | D:7      | Reached XP level 8. HP: 23/49 MP: 8/8
  4761 | D:7      | Noticed a hippogriff
  4774 | D:7      | Killed a hippogriff
  4774 | D:7      | Reached skill level 6 in Maces & Flails
  5207 | D:7      | Noticed Prince Ribbit
  5238 | D:6      | Reached skill level 7 in Maces & Flails
  5243 | D:7      | Noticed Dowan
  5244 | D:7      | Noticed Duvessa
  5251 | D:7      | Killed Dowan
  5255 | D:7      | Killed Duvessa
  5425 | D:5      | Entered Level 5 of the Dungeon
  5583 | D:4      | Killed from afar by TheNamelessOne's ghost

Vault maps used:
D:1:      roderic_dead_forest
D:2:      amethyst_overflow_temple_binary, first_ration
D:4:      kennysheep_the_goblin_king, gammafunk_ghost_cemetery, serial_shops,
          shop, tgw_fedhas
D:5:      serial_bayou_pond_a, uniq_grinder
D:6:      nicolae_overflow_crystal_walls, minmay_temple_entry_fiery,
          uniq_sigmund, uniq_eustachio
D:7:      uniq_duvessa, uniq_prince_ribbit1

Skill      XL: |  1  2  3  4  5  6  7  8 |
---------------+-------------------------+-----
Maces & Flails | 3 4 5 7 |  7.3
Fighting       | 4 5 6 |  6.3
Armour         | 4 5 6 |  6.3
Shields        | 4 5 6 |  6.3

Action                   |  1- 3 |  4- 6 |  7- 9 || total
-------------------------+-------+-------+-------++-------
Melee: Flail             |   130 |   164 |       ||   294
       Mace              |       |   132 |   186 ||   318
  Use: Scroll            |     4 |     8 |     4 ||    16
       Potion            |       |     2 |       ||     2
  Eat: Chunk             |       |     8 |     5 ||    13
       Ration            |       |     1 |       ||     1
Armor: Scale mail        |   103 |   168 |    67 ||   338
       Chain mail        |       |       |    43 ||    43
Dodge: Dodged            |    47 |    92 |    47 ||   186
Block: Shield            |    83 |   162 |   121 ||   366

Table legend:
 A = Non-vault XP
 B = Vault XP
 C = Vault XP percentage of total XP
 D = Non-vault monster count
 E = Vault monster count
 F = Vault count percentage of total count
                 A         B        C        D         E       F
            +---------+---------+-------+---------+---------+-------
      Total |    2126 |     226 |   9.6 |     108 |       9 |   7.7
            +---------+---------+-------+---------+---------+-------
        D:1 |      29 |       0 |   0.0 |      18 |       0 |   0.0
        D:2 |     173 |       0 |   0.0 |      27 |       0 |   0.0
        D:3 |      95 |       0 |   0.0 |      19 |       0 |   0.0
        D:4 |     186 |      11 |   5.6 |       8 |       7 |  46.7
        D:6 |     198 |       0 |   0.0 |       8 |       0 |   0.0
        D:7 |    1445 |     215 |  13.0 |      28 |       2 |   6.7
            +---------+---------+-------+---------+---------+-------
